 Dungeon Crawl Stone Soup version 0.18-a0-373-gaf408bd (webtiles) character file.

214 FishmanTm the Insei (level 5, 0/37 HPs)
             Began as a Merfolk Transmuter on Nov 29, 2015.
             Slain by an orc
             ... wielding a +0 mace of holy wrath
              (4 damage)
             ... on level 3 of the Dungeon.
             The game lasted 00:09:06 (2465 turns).

FishmanTm the Insei (Merfolk Transmuter)            Turns: 2465, Time: 00:09:06

Health: 0/37       AC:  2    Str: 10    XL:     5   Next: 92%
Magic:  1/8        EV: 13    Int: 13    God:
Gold:   89         SH:  0    Dex: 15    Spells: 3 memorised, 2 levels left

rFire  . . .     SeeInvis .       - Unarmed
rCold  . . .     Clarity  .     b - +0 robe
rNeg   . . .     SustAt   .     (no shield)
rPois  .         Gourm    .     (no helmet)
rElec  .         Spirit   .     (no cloak)
rCorr  .         Warding  .     (no gloves)
rMut   .         Stasis   .     (no boots)
MR     .....                    (no amulet)
Stlth  +.........               (no ring)
                                (no ring)

@: very slightly contaminated, not resistant to hostile enchantments, very
unstealthy
A: change form in water, swift swim
a: no special abilities


You were on level 3 of the Dungeon.
You were hungry.

You visited 1 branch of the dungeon, and saw 3 of its levels.

You collected 89 gold pieces.

Inventory:

Missiles
 a - 7 arrows
 f - 13 arrows of flame
Armour
 b - a +0 robe (worn)
Jewellery
 i - an uncursed amulet of stasis
Scrolls
 l - 3 scrolls of remove curse
Potions
 g - a potion of agility {unknown}
 j - 2 potions of lignification {unknown}
 k - a potion of curing
 p - a potion of ambrosia {unknown}
Books
 c - a book of Changes

   Spells                             Type                      Level
   a - Beastly Appendage              Transmutation                1
   b - Sticks to Snakes               Transmutation                2
   c - Spider Form                    Transmutation/Poison         3
   d - Ice Form                       Ice/Transmutation            4
   e - Blade Hands                    Transmutation                5
Comestibles
 d - 2 bread rations
 m - 9 chunks of flesh
 o - a beef jerky


   Skills:
 - Level 1.1 Fighting
 - Level 2.6 Dodging
 + Level 5.7 Unarmed Combat
 - Level 2.0 Spellcasting
 - Level 5.3 Transmutations


You had 2 spell levels left.
You knew the following spells:

 Your Spells              Type           Power        Failure   Level  Hunger
a - Beastly Appendage     Trmt           ###...       3%          1    ##.....
b - Sticks to Snakes      Trmt           ###.....     6%          2    ###....
c - Spider Form           Trmt/Pois      #.........   28%         3    ####...


Dungeon Overview and Level Annotations

Branches:
Dungeon (3/15)

Altars:
Elyvilon
Okawaru


Message History

The orc dies!
Unknown command.
The orc throws a tomahawk.
The tomahawk closely misses you.
Some of the chunks of flesh in your inventory have rotted away.
Found a royal jelly.
The orc hits you with a mace of holy wrath!
* * * LOW HITPOINT WARNING * * *
Unknown command.
You closely miss the orc.
The orc hits you with a mace of holy wrath.
* * * LOW HITPOINT WARNING * * *
Unknown command.
Drink which item? (? for menu, Esc to quit)
You feel better.
The orc hits you with a mace of holy wrath.
* * * LOW HITPOINT WARNING * * *
Unknown command.
You barely miss the orc.
The orc hits you with a mace of holy wrath.
You die...

*,,,,,,,,,,,* *,,,,,,,,,,,,,*,***
*,***,,,,>.,* #.**,*,,,,,,,,,,,**
*,***,****#.* #%**,,,,,,,**,,,,,*
,,,,,,,,,*#.#*#.****,,,,,,,,,,,,*
,*,,*,**,.....#.##***,,,,,_,....#
,,,,,,,,,...#.#...<,,,*#.........
,,,**,***#.......##****#....⌠.._.
,,,**,,,,..,#...o.# #.........
,********#.##.##@.# #.........
,,*#######........# #...._...#
,,,#........#.##..######......###
,,,...............##.............
,,,#..........##..)..>...........
,,*#......#.#*#.#(##.............
,**#......#.##.###.####.#....####
** #......#.....#.## #.#....#
#.......#####.#* #.#....#


You could see an orc.

Vanquished Creatures
  An orc priest (D:3)
  An orc wizard (D:3)
  5 adders
  3 gnolls (D:2)
  An ooze (D:1)
  3 worms
  3 giant geckos
  4 orcs (D:3)
  A ball python (D:2)
  5 bats
  2 giant cockroaches
  6 goblins
  7 hobgoblins
  7 jackals
  4 giant newts (D:1)
  8 kobolds
  6 rats
67 creatures vanquished.

Vanquished Creatures (collateral kills)
  An adder (D:2)
1 creature vanquished.

Vanquished Creatures (others)
  An orc (D:3)
1 creature vanquished.

Grand Total: 69 creatures vanquished

Notes
Turn   | Place    | Note
--------------------------------------------------------------
     0 | D:1      | FishmanTm the Merfolk Transmuter began the quest for the Orb.
     0 | D:1      | Reached XP level 1. HP: 15/15 MP: 3/3
    88 | D:1      | Reached skill level 4 in Unarmed Combat
    88 | D:1      | Reached XP level 2. HP: 21/21 MP: 3/5
    92 | D:1      | Learned a level 2 spell: Sticks to Snakes
   534 | D:1      | Reached XP level 3. HP: 24/26 MP: 3/6
   539 | D:1      | Learned a level 3 spell: Spider Form
  1497 | D:2      | Reached XP level 4. HP: 28/32 MP: 2/7
  1736 | D:2      | Reached skill level 5 in Transmutations
  1887 | D:2      | Reached XP level 5. HP: 37/37 MP: 4/8
  2234 | D:3      | Reached skill level 5 in Unarmed Combat
  2441 | D:3      | Found an iron altar of Okawaru.
  2444 | D:3      | Found a white marble altar of Elyvilon.
  2463 | D:3      | HP: 1/37 [orc/mace of holy wrath (1)]
  2465 | D:3      | Slain by an orc

Vault maps used:
D:1:      lightli_arrival_flooded_house, nrook_uturn
D:2:      kennysheep_pointless_box, corexii_hall_statues_i
D:3:      kennysheep_goblin_castle, grunt_temple_overflow_open,
          cheibriados_altar_1, eino_tiny_chamber, grunt_ministairs_9

Action                   |  1- 3 |  4- 6 || total
-------------------------+-------+-------++-------
Melee: Unarmed           |    88 |    88 ||   176
 Cast: Beastly Appendage |    22 |       ||    22
       Sticks to Snakes  |     5 |       ||     5
       Spider Form       |       |    11 ||    11
 Abil: End Transformatio |       |     1 ||     1
  Use: Scroll            |     1 |     3 ||     4
       Potion            |       |     2 ||     2
 Stab: Distracted        |     1 |       ||     1
       Sleeping          |       |     1 ||     1
  Eat: Chunk             |     3 |     5 ||     8
